 Dungeon Crawl Stone Soup version 0.27-a0-25-g087482e4d5 (webtiles) character file.

Game seed: 6844025734152815413

32 snonk1 the Ducker (level 3, -2/28 HPs)
             Began as a Human Gladiator on Jan 2, 2021.
             Slain by a killer bee (7 damage)
             ... on level 2 of the Dungeon.
             The game lasted 00:06:20 (875 turns).

snonk1 the Ducker (Human Gladiator)                  Turns: 875, Time: 00:06:21

Health: -2/28      AC:  4    Str: 14    XL:     3   Next: 42%
Magic:  3/3        EV: 13    Int:  8    God:
Gold:   48         SH:  0    Dex: 15    Spells: 2/2 levels left

rFire    . . .     SeeInvis .   a - +0 trident
rCold    . . .     Faith    .   (no shield)
rNeg     . . .     Spirit   .   b - +0 leather armour
rPois    .         Reflect  .   c - +0 helmet
rElec    .         Harm     .   (no cloak)
rCorr    .         Rampage  .   (no gloves)
Will     .....                  (no boots)
Stlth    +.........             (no amulet)
HPRegen  0.09/turn              (no ring)
MPRegen  0.08/turn              (no ring)

@: lethally poisoned (-2 -> -6)
A: no striking features
a: no special abilities


You were on level 2 of the Dungeon.
You visited 1 branch of the dungeon, and saw 2 of its levels.

You collected 48 gold pieces.

Inventory:

Hand Weapons
 a - a +0 trident (weapon)
Missiles
 d - 2 throwing nets
 g - 21 poisoned darts (quivered)
Armour
 b - a +0 leather armour (worn)
 c - a +0 helmet (worn)
 h - a +0 helmet
Scrolls
 e - a scroll of enchant weapon {unknown}
 f - a scroll of teleportation {unknown}


   Skills:
 + Level 2.3 Fighting
 + Level 3.3 Polearms
 + Level 2.0 Throwing
 + Level 0.3 Armour
 + Level 3.6 Dodging


You had 2 spell levels left.
You didn't know any spells.
Your spell library contained the following spells:

 Spells                   Type           Power        Failure   Level
 Confusing Touch          Hex            0%           86%         3
 Gell's Gravitas          Tloc           0%           86%         3
 Petrify                  Tmut/Erth      0%           99%         4
 Metabolic Englaciation   Hex/Ice        0%           100%        5
 Yara's Violent Unravell  Hex/Tmut       0%           100%        5


Dungeon Overview and Level Annotations

Branches:
Dungeon (2/15)

Altars:
Cheibriados
Qazlal
The Shining One

Annotations:
D:2 1 transporter


Message History

The killer bee misses you.
The killer bee stings you but does no damage.
You miss the killer bee.
The killer bee is moderately wounded.
The killer bee closely misses you. x2
You barely miss the killer bee.
The killer bee is moderately wounded.
The killer bee closely misses you. x2; The killer bee barely misses you.
You hit the killer bee.
The killer bee is heavily wounded.
The killer bee stings you.
* * * LOW HITPOINT WARNING * * *
You are poisoned.
The killer bee poisons you! The killer bee barely misses you.
You barely miss the killer bee.
The killer bee is heavily wounded.
You feel sick. The killer bee stings you.
* * * LOW HITPOINT WARNING * * *
The killer bee stings you!
You die...

##### ##...#####
#...#########....)†..#####.
#.............©............
#...####..#########.(##.### ##.##
#.##8$___.8##.# # ########.#
#.#..?($$...#.##.###
.........#####.#..#...#..#.......
.###...........#.#.....#.#.##.###
.# #......)###.#@yK.....©#.# # .#
#......># #.#!#.....#.#.##.### .#
##......# #.#..#.©.#..#....... .#
###.#...###.#...(.....#.#.#### .#
#........<..##8.....8##.#.# .#
#.###.#.###..#########..# #
.###.###.#.# ##.....©......#
...........# ###......###.#
####.###..## #............


You could see a killer bee and a kobold.

Vanquished Creatures
  3 dart slugs
  A ball python (D:2)
  2 giant cockroaches
  5 goblins
  2 hobgoblins
  3 bats (D:1)
  2 frilled lizards
  2 kobolds
  6 rats
26 creatures vanquished.

Notes
Turn   | Place    | Note
-------+----------+-------------------------------------------
     0 | D:1      | snonk1 the Human Gladiator began the quest for the Orb.
     0 | D:1      | Reached XP level 1. HP: 16/16 MP: 1/1
   158 | D:1      | Reached XP level 2. HP: 11/22 MP: 2/2
   370 | D:1      | Reached XP level 3. HP: 22/27 MP: 3/3
   380 | D:1      | You fall into a shaft and drop 1 floor!
   380 | D:2      | Found a snail-covered altar of Cheibriados.
   381 | D:2      | Noticed a killer bee
   381 | D:2      | Found a glowing golden altar of the Shining One.
   384 | D:2      | Found a stormy altar of Qazlal.
   605 | D:2      | Found a transporter.
   801 | D:2      | Found a transporter.
   875 | D:2      | Slain by a killer bee

Illustrated notes

Levels and vault maps discovered:
D:1:      sevenhm_arrival_forest_fort_small_4, layout_basic
D:2:      layout_loops_ring, nzn_wu_jian_contemplation,
          gammafunk_temple_overflow_arena

Action                   || total
-------------------------++-------
Melee: Trident           ||    90
Throw: Throwing net      ||     2
  Use: Scroll            ||     2
       Potion            ||     1
 Stab: Sleeping          ||     1
Armor: Leather armour    ||    20
Dodge: Dodged            ||    61

Table legend: (Time is in decaauts)
 A = Elapsed time spent in this place.
 B = Non-inter-level travel time spent in this place.
 C = Inter-level travel time spent in this place.
 D = Time resting spent in this place.
 E = Time spent auto-exploring this place.
 F = Levels seen in this place.
 G = Mean time per level.
                   A        B        C        D        E       F      G
               +--------+--------+--------+--------+--------+-----+--------+
         Total |    890 |    890 |      0 |    133 |      0 |   2 |  445.0 |
       Dungeon |    890 |    890 |      0 |    133 |      0 |   2 |  445.0 |
               +--------+--------+--------+--------+--------+-----+--------+

Top non-repeatable levels by time:
     D:2: 499 daAuts
     D:1: 391 daAuts
